 Dungeon Crawl Stone Soup version 0.30.1-9-gdf580d7c3d (webtiles) character file.

Game seed: 12999455562451969185

158 lonewolfV2 the Conjurer (level 5, -4/21 HPs)
             Began as a Felid Conjurer on Oct 13, 2023.
             Killed by divine providence
             ... invoked by an orc priest
              (13 damage)
             ... on level 4 of the Dungeon.
             The game lasted 00:08:49 (4257 turns).

lonewolfV2 the Conjurer (Felid Conjurer)            Turns: 4257, Time: 00:08:50

Health: -4/21      AC:  1    Str:  3    XL:     5   Next: 16%
Magic:  3/12       EV: 17    Int: 28    God:
Gold:   136        SH:  0    Dex: 14    Spells: 2/12 levels left
                                        Lives:  0   Deaths: 1

rFire   . . .        (weapon unavailable)
rCold   . . .        (shield unavailable)
rNeg    . . .        (body armour unavailable)
rPois   .            (helmet unavailable)
rElec   .            (cloak unavailable)
rCorr   .            (gloves unavailable)
SInv    +            (boots unavailable)
Will    +....        (no amulet)
Stlth   ++           i - ring of willpower
HPRegen 0.23/turn    h - +6 ring of intelligence
MPRegen 0.13/turn

%: no passive effects
@: quick
A: very small, claws 1, fangs 3, see invisible, speed 1, shaggy fur 1, stealthy
paws, no weapons or thrown items, no armour, multi-lived
a: no special abilities


You were on level 4 of the Dungeon.
You visited 1 branch of the dungeon, and saw 4 of its levels.

You collected 136 gold pieces.

Inventory:

Jewellery
 h - a +6 ring of intelligence (right paw)
 i - a ring of willpower (left paw)
 m - a ring of wizardry
Wands
 b - a wand of mindburst (13)
 e - a wand of flame (7)
Potions
 a - 2 potions of magic
 c - a potion of brilliance
 d - a potion of resistance {unknown}
 f - 2 potions of attraction {unknown}
 g - a potion of lignification {unknown}
 j - a potion of heal wounds
 k - 2 potions of haste
 l - a potion of might {unknown}


   Skills:
 - Level 3.0 Dodging
 - Level 3.0 Stealth
 * Level 4.2 Spellcasting
 * Level 5.2 Conjurations


You had 2 spell levels left.
You knew the following spells:

 Your Spells              Type           Power      Damage    Failure   Level
a - Magic Dart            Conj           100%       1d8       1%          1
b - Searing Ray           Conj           70%        2d7       1%          2
c - Iskenderun's Mystic   Conj/Tloc      20%        2d6       24%         4
d - Dazzling Flash        Conj/Hex       40%        N/A       8%          3

Your spell library contained the following spells:

 Spells                   Type           Power      Damage    Failure   Level
 Fulminant Prism          Conj/Hex       10%        3d9       24%         4


Dungeon Overview and Level Annotations

Branches:
Dungeon (4/15)
 Temple: D:4-7

Altars:
Makhleb
Trog


Innate Abilities, Weirdness & Mutations

You have sharp claws.
You have razor-sharp teeth.
You have supernaturally acute eyesight. (SInv)
You cover ground quickly. (Speed+)
You are covered in fur. (AC +1)
Your paws help you pounce on unaware monsters.
You are incapable of wielding weapons or throwing items.
You cannot wear armour.
You gain extra lives every three experience levels.


Message History

Confirm with . or Enter, or press ? or * to list all spells.
Aiming: Magic Dart (safe; 1% risk of failure)
Press: ? - help, Shift-Dir - straight line, f - orc
Aim: an orc, wielding a +0 dagger (wandering, blind, hasn't noticed you, 100% to hit)
The magic dart hits the orc.
The orc is moderately wounded.
The orc is no longer blind.
Casting: Magic Dart (safe; 1% risk of failure)
Confirm with . or Enter, or press ? or * to list all spells.
Aiming: Magic Dart (safe; 1% risk of failure)
Press: ? - help, Shift-Dir - straight line, f/p - orc
Aim: an orc, wielding a +0 dagger (moderately wounded, 100% to hit)
The magic dart hits the orc.
The orc is heavily wounded.
The orc priest shouts!
You hear a shout!
Casting: Magic Dart (safe; 1% risk of failure)
Confirm with . or Enter, or press ? or * to list all spells.
The spell is quite dangerous to miscast (8% risk of failure)!
Continue anyway?
Casting: Dazzling Flash (quite dangerous; 8% risk of failure)
Press: ? - help, Dir - look around, f - activate A quokka comes into view.
The orc misses you.
The orc hits you with a +2 dagger of protection.
The orc priest invokes the aid of Beogh against you.
Beogh smites you!
You hear a shout!
Casting: Dazzling Flash (quite dangerous; 8% risk of failure)
Confirm with . or Enter, or press ? or * to list all spells.
Aiming: Searing Ray (safe; 1% risk of failure)
Press: ? - help, Shift-Dir - straight line, f - orc
Aim: an orc, wielding a +2 dagger of protection (81% to hit)
The searing ray hits the orc!
You kill the orc! (Press . to maintain the ray.)
The searing ray hits the orc!
You kill the orc!
The orc priest invokes the aid of Beogh against you.
Beogh smites you!
Ouch! That really hurt!
You die...

#...#.#....##.#
#....r....#..##.#
#.........#..##.#
..r.......#..#####.#.
..........#.........<
...o..#+#.#.#########
.........o.........
.........##.##########.#
.........ooo))..@......#
.....)#.################
....#.#.# ....#.#.#
......#.# ......#.#
......#.# ......#.#
....###.#


You could see an orc priest and 2 orcs.

Vanquished Creatures
  A hound (D:3)
  Terence (D:2)
  Ijyb (D:3)
  Natasha (thrice) (D:2)
  Robin (D:3)
  3 adders
  2 worms
  A dart slug (D:1)
  10 orcs
  7 endoplasms
  A giant cockroach (D:1)
  12 goblins
  6 hobgoblins
  2 jackals (D:1)
  7 kobolds
  3 quokkas
  3 ball pythons (D:1)
  A bat (D:3)
  6 frilled lizards
  3 rats
74 creatures vanquished.

Notes
Turn   | Place    | Note
-------+----------+-------------------------------------------
     0 | D:1      | lonewolfV2 the Felid Conjurer began the quest for the Orb.
     0 | D:1      | Reached XP level 1. HP: 7/7 MP: 4/4
   193 | D:1      | Reached XP level 2. HP: 11/11 MP: 3/6
   418 | D:1      | Found a faded altar of an unknown god.
   832 | D:1      | Learned a level 2 spell: Searing Ray
  1039 | D:1      | Reached skill level 4 in Conjurations
  1042 | D:1      | Reached XP level 3. HP: 14/14 MP: 1/7
  1586 | D:2      | Noticed Natasha
  1590 | D:2      | Killed Natasha
  1740 | D:2      | Noticed Natasha
  1745 | D:2      | Killed Natasha
  1746 | D:2      | Reached XP level 4. HP: 18/18 MP: 3/9
  1920 | D:2      | Noticed Natasha
  1925 | D:2      | Killed Natasha
  2142 | D:2      | Noticed Terence
  2149 | D:2      | Killed Terence
  2150 | D:2      | Reached XP level 5. HP: 21/21 MP: 3/11
  2852 | D:3      | Noticed Robin
  2857 | D:3      | Killed Robin
  3151 | D:3      | Noticed Ijyb
  3174 | D:3      | Killed Ijyb
  3175 | D:3      | Reached skill level 5 in Conjurations
  3305 | D:3      | Found a burning altar of Makhleb.
  3305 | D:3      | Noticed a blizzard demon
  3443 | D:3      | Noticed a ynoxinul
  3443 | D:3      | Noticed a hellwing
  3702 | D:3      | Found a bloodstained altar of Trog.
  3878 | D:3      | Slain by a hound
  3879 | D:3      | Reached XP level 4. HP: 0/18 MP: 0/11
  3954 | D:3      | Reached XP level 5. HP: 21/21 MP: 9/12
  4153 | D:3      | Learned a level 4 spell: Iskenderun's Mystic Blast
  4157 | D:3      | Learned a level 3 spell: Dazzling Flash
  4257 | D:4      | Killed from afar by an orc priest

Illustrated notes

Levels and vault maps discovered:
D:1:      moated_graveyard_arrival, layout_rooms,
          shapermc_ecumenical_altar_mp_ritualfount
D:2:      layout_loops_cross, serial_rivers, chequers_serial_rivers_micro_e,
          chequers_serial_rivers_small_3, chequers_serial_rivers_marsh,
          chequers_serial_rivers_small_a, chequers_serial_rivers_micro_e,
          uniq_terence, uniq_natasha
D:3:      layout_basic, makhleb_altar_promises_db, trog_three_pillars_becter,
          corexii_corridor_pit, kennysheep_pointless_box, nrook_campfire,
          uniq_ijyb, uniq_robin
D:4:      layout_basic, minmay_starry_boxes

Skill      XL: |  1  2  3  4  5 |
---------------+----------------+-----
Dodging        | 3 |  3.0
Stealth        | 3 |  3.0
Conjurations   | 4 5 |  5.2
Spellcasting   | 3 4 |  4.2

Action                     |  1- 3 |  4- 6 || total
---------------------------+-------+-------++-------
  Melee: Unarmed           |     3 |     6 ||     9
         Bite              |       |     1 ||     1
   Cast: Magic Dart        |    64 |    89 ||   153
         Searing Ray       |       |     8 ||     8
         Dazzling Flash    |       |     3 ||     3
    Use: Scroll            |     5 |     3 ||     8
         Potion            |       |     3 ||     3
 Armour: Skin              |     1 |       ||     1
  Dodge: Dodged            |     8 |    41 ||    49
